 Dungeon Crawl Stone Soup version 0.28-a0-556-gab23d0e057 (webtiles) character file.

Game seed: 8904002117567128591

8 Rennog the Skirmisher (level 2, 0/32 (33) HPs)
             Began as an Ogre Fighter on Sept 28, 2021.
             Killed from afar by a dart slug (4 damage)
             ... with a slug dart
             ... on level 1 of the Dungeon.
             The game lasted 00:00:23 (34 turns).

Rennog the Skirmisher (Ogre Fighter)                  Turns: 34, Time: 00:00:23

HP:   0/32 (33)     AC:  3    Str: 19    XL:     2   Next: 8%
MP:   2/2           EV:  8    Int:  9    God:
Gold: 0             SH:  7    Dex:  8    Spells: 1/1 levels left

rFire   . . .      SeeInvis .   a - +0 flail
rCold   . . .      Faith    .   c - +0 kite shield
rNeg    . . .      Spirit   .   b - +0 robe
rPois   .          Reflect  .   (helmet restricted)
rElec   .          Harm     .   (no cloak)
rCorr   .          Rampage  .   (gloves unavailable)
Will    .....                   (boots unavailable)
Stlth   +.........              (no amulet)
HPRegen 0.10/turn               (no ring)
MPRegen 0.08/turn               (no ring)

@: lightly drained
A: large, unfitting armour, tough skin 1
a: no special abilities


You were on level 1 of the Dungeon.
You visited 1 branch of the dungeon, and saw 1 of its levels.

Inventory:

Hand Weapons
 a - a +0 flail (weapon)
Armour
 b - a +0 robe (worn)
 c - a +0 kite shield (worn)
Potions
 d - a potion of might


   Skills:
 * Level 4.4 Fighting
 + Level 2.0 Maces & Flails
 + Level 2.8 Dodging
 - Level 2.6 Shields


You had one spell level left.
You didn't know any spells.
Your spell library was empty.

Dungeon Overview and Level Annotations

Branches:
Dungeon (1/15)

Altars:


Innate Abilities, Weirdness & Mutations

You are too large for most types of armour.
You have tough skin. (AC +1)


Message History

The goblin hits you but does no damage.
You feel drained.
The goblin hits you with a +1 dagger of draining.
You feel drained.
You closely miss the goblin. The goblin completely misses you.
You barely miss the goblin. You block the goblin's attack.
The goblin hits you but does no damage.
You feel drained.
You thump the goblin!
You kill the goblin!
The goblin barely misses you.
You thump the goblin!
You kill the goblin!
The dart slug launches a dart at you. The slug dart hits you.
The endoplasm freezes you.
You are frozen.
* * * LOW HITPOINT WARNING * * *
You sock the endoplasm!
You kill the endoplasm!
The dart slug launches a dart at you. The slug dart hits you.
* * * LOW HITPOINT WARNING * * *
You hit the dart slug.
The dart slug is lightly wounded.
You block the dart slug's attack. The dart slug launches a dart at you.
The slug dart hits you.
* * * LOW HITPOINT WARNING * * *
The dart slug launches a dart at you. You block the slug dart.
You sock the dart slug!
You kill the dart slug!
Your Maces & Flails skill increases to level 2!
You have reached level 2!
The dart slug launches a dart at you. The slug dart misses you.
Things that are here:
a +0 club; a +1 dagger of draining; a goblin corpse The dart slug launches a dart at you.
The slug dart hits you.
You die...

.... .$..... ....
#........# .....
#........#
.....###........#
.......#........#
.......#........#
.......#.........
.................
#......#@..####
########....##
#.§§§§# #J§w≈§#
#)≈§§.###
#.≈..≈..# #
#.≈...≈.###..
#..≈.......#.
#..≈.§§≈≈≈...


You could see a dart slug and an endoplasm.

Vanquished Creatures
  A dart slug (D:1)
  2 endoplasms (D:1)
  2 goblins (D:1)
5 creatures vanquished.

Notes
Turn   | Place    | Note
-------+----------+-------------------------------------------
     0 | D:1      | Rennog the Ogre Fighter began the quest for the Orb.
     0 | D:1      | Reached XP level 1. HP: 24/24 MP: 1/1
    28 | D:1      | Reached XP level 2. HP: 3/32 MP: 2/2
    34 | D:1      | Killed from afar by a dart slug

Illustrated notes

Levels and vault maps discovered:
D:1:      ebering_trefoil_3fold, layout_basic

Skill      XL: |  1 |
---------------+----+-----
Maces & Flails | 2 |  2.0
Fighting       | |  4.4
Dodging        | |  2.8
Shields        | |  2.6

Action                   || total
-------------------------++-------
Melee: Flail             ||    10
Armor: Robe              ||     2
Dodge: Dodged            ||     3
Block: Kite shield       ||     5

Table legend: (Time is in decaauts)
 A = Elapsed time spent in this place.
 B = Non-inter-level travel time spent in this place.
 C = Inter-level travel time spent in this place.
 D = Time resting spent in this place.
 E = Time spent auto-exploring this place.
 F = Levels seen in this place.
 G = Mean time per level.
                   A        B        C        D        E       F      G
               +--------+--------+--------+--------+--------+-----+--------+
         Total |     39 |     39 |      0 |      0 |      7 |   1 |   39.0 |
       Dungeon |     39 |     39 |      0 |      0 |      7 |   1 |   39.0 |
               +--------+--------+--------+--------+--------+-----+--------+

Top non-repeatable levels by time:
     D:1: 39 daAuts
